 Dungeon Crawl Stone Soup version 0.29-a0-728-g6bb282b620 (webtiles) character file.

Game seed: 13878781208124473757

59575 DeathSun the Fighter (level 14, -10/133 HPs)
             Began as a Demonspawn Fighter on June 29, 2022.
             Was the Champion of Jiyva.
             Hit by a silver boomerang thrown by a merfolk (12 damage)
             ... led by a merfolk aquamancer
             ... on level 1 of the Shoals.
             The game lasted 00:49:44 (15662 turns).

DeathSun the Fighter (Demonspawn Fighter)          Turns: 15662, Time: 00:49:45

Health: -10/133    AC: 12    Str: 27    XL:     14   Next: 5%
Magic:  32/32      EV:  8    Int: 13    God:    Jiyva [******]
Gold:   495        SH:  0    Dex: 20    Spells: 13/13 levels left

rFire   . . .      SeeInvis +   T - +2 dire flail "Qiczont" {freeze, rPois rC+ MP+9}
rCold   + + .      Faith    .   (shield currently unavailable)
rNeg    + . .      Spirit   .   m - +2 chain mail {rN+}
rPois   +          Reflect  .   g - +0 helmet
rElec   .          Harm     .   (cloak unavailable)
rCorr   +          Rampage  .   A - +0 pair of gloves
Will    ++...      Clarity  +   (no boots)
Stlth   +.........              (no amulet)
HPRegen 3.92/turn               s - ring of the Pariah {rCorr Int-2 Dex+3 SInv}
MPRegen 0.73/turn               N - ring "Ruqonn" {MP+9 Str+3 Int+4 SInv}

@: very slow
A: thin skeletal structure 3, powered by death 2, spiny 2, weakness stinger 3,
clarity, cold resistance 1, strong-willed 1, poison resistance, robust 1, strong
1, eyeballs 3, pseudopods 2, tendrils
}: 1/15 runes: slimy
a: Renounce Religion, Oozemancy, Slimify


You were on level 1 of the Shoals.
You worshipped Jiyva.
Jiyva was exalted by your worship.
You visited 6 branches of the dungeon, and saw 25 of its levels.

You collected 547 gold pieces.
You spent 52 gold pieces at shops.

Inventory:

Hand Weapons
 k - a +2 dire flail of protection
 n - the +8 morningstar "Fisetuz" {venom, rPois Dex+5}
   (You found it on level 5 of the Pits of Slime)

   It poisons the flesh of those it strikes.
   Dex:       It affects your dexterity (+5).
   rPois:     It protects you from poison.
 o - a +0 morningstar
 v - a +0 hammer
 T - the +2 dire flail "Qiczont" (weapon) {freeze, rPois rC+ MP+9}
   (You found it on level 5 of the Pits of Slime)

   It freezes those it strikes, dealing additional cold damage.
   It can also slow down cold-blooded creatures.
   rC:        It protects you from cold.
   rPois:     It protects you from poison.
   MP:        It affects your magic capacity (+9).
Missiles
 r - 6 curare-tipped darts (quivered)
Armour
 c - a +0 buckler
 g - a +0 helmet (worn)
 m - a +2 chain mail of positive energy (worn)
 t - a +0 plate armour
 z - +0 steam dragon scales
 A - a +0 pair of gloves (worn)
 H - the +0 robe of the Falcon {rPois rF+}
   (You found it on level 11 of the Dungeon)

   rF:        It protects you from fire.
   rPois:     It protects you from poison.
 J - the +5 scale mail "Nabeimna" {Drain rN+ rCorr}
   (You found it on level 10 of the Dungeon)

   rN:        It protects you from negative energy.
   rCorr:     It protects you from acid and corrosion.
   Drain:     It drains your maximum health when unequipped.
Jewellery
 s - the ring of the Pariah (left hand) {rCorr Int-2 Dex+3 SInv}
   (You found it on level 6 of the Dungeon)

   [ring of see invisible]

   Int:       It affects your intelligence (-2).
   Dex:       It affects your dexterity (+3).
   SInv:      It lets you see invisible.
   rCorr:     It protects you from acid and corrosion.
 y - a ring of fire
 N - the ring "Ruqonn" (right hand) {MP+9 Str+3 Int+4 SInv}
   (You found it on level 3 of the Lair of Beasts)

   [ring of see invisible]

   Str:       It affects your strength (+3).
   Int:       It affects your intelligence (+4).
   MP:        It affects your magic capacity (+9).
   SInv:      It lets you see invisible.
 U - the ring of Neam {Wiz rPois rN+ Dex-2 Slay+2 SInv}
   (You found it on level 5 of the Pits of Slime)

   [ring of wizardry]

   It improves your spell success rate.
   Dex:       It affects your dexterity (-2).
   Slay:      It affects your accuracy & damage with ranged weapons and melee
   (+2).
   rPois:     It protects you from poison.
   rN:        It protects you from negative energy.
   SInv:      It lets you see invisible.
Wands
 a - a wand of mindburst (16)
 w - a wand of iceblast (8)
 x - a wand of paralysis (14)
 D - a wand of flame (39)
 E - a wand of digging (5)
 S - a wand of polymorph (4)
Scrolls
 b - 3 scrolls of fear
 e - 2 scrolls of vulnerability
 f - 2 scrolls of blinking
 h - 2 scrolls of immolation
 i - a scroll of fog
 j - 2 scrolls of magic mapping
 q - 2 scrolls of amnesia
 F - 2 scrolls of enchant armour
 I - 2 scrolls of teleportation
 K - 2 scrolls of poison
 L - a scroll of torment {unknown}
 M - a scroll of enchant weapon {unknown}
 O - a scroll of brand weapon {unknown}
 P - 2 scrolls of silence
Potions
 d - 6 potions of might
 l - 4 potions of heal wounds
 p - a potion of ambrosia
 u - 4 potions of curing
 B - a potion of degeneration
 C - a potion of cancellation {unknown}
 G - a potion of flight {unknown}
 Q - a potion of lignification {unknown}
 R - 2 potions of berserk rage
 V - a potion of resistance {unknown}


   Skills:
 * Level 14.6 Fighting
 - Level 14.0 Maces & Flails
 - Level 10.0 Armour
 - Level 2.6 Shields
 - Level 9.0 Evocations


You had 13 spell levels left.
You didn't know any spells.
Your spell library contained the following spells:

 Spells                   Type           Power      Damage    Failure   Level
 Blink                    Tloc           0%         N/A       91%         2
 Scorch                   Fire           0%         2d5       91%         2
 Confusing Touch          Hex            0%         N/A       99%         3
 Dazzling Flash           Conj/Hex       0%         N/A       99%         3
 Lesser Beckoning         Tloc           0%         N/A       99%         3
 Dispel Undead            Necr           0%         3d6       100%        4
 Flame Wave               Conj/Fire      0%         2d4       100%        4
 Iskenderun's Mystic Bla  Conj/Tloc      0%         2d3       100%        4
 Leda's Liquefaction      Hex/Erth       0%         N/A       100%        4
 Petrify                  Tmut/Erth      0%         N/A       100%        4
 Borgnjor's Vile Clutch   Necr/Erth      0%         N/A       100%        5
 Lee's Rapid Deconstruct  Erth           0%         3d5*      100%        5
 Manifold Assault         Tloc           0%         N/A       100%        5
 Metabolic Englaciation   Hex/Ice        0%         N/A       100%        5
 Summon Forest            Summ/Tloc      0%         N/A       100%        5
 Summon Mana Viper        Hex/Summ       0%         N/A       100%        5
 Starburst                Conj/Fire      0%         6d3       100%        6
 Statue Form              Tmut/Erth      0%         N/A       100%        6
 Summon Cactus Giant      Summ           0%         N/A       100%        6


Dungeon Overview and Level Annotations

Branches:
Dungeon (11/15)            Temple (1/1) D:7            Lair (6/6) D:11
 Shoals (1/4) Lair:3       Spider (1/4) Lair:2        Slime (5/5) Lair:5
    Orc: D:9-12

Altars:
Ashenzari
Cheibriados
Dithmenos
Elyvilon
Fedhas
Gozag
Hepliaklqana
Kikubaaqudgha
Makhleb
Nemelex Xobeh
Okawaru
Qazlal
Ru
Sif Muna
Trog
Uskayaw
Vehumet
Wu Jian
Xom
Yredelemnul
Zin
The Shining One
Jiyva

Shops:
D:4 *   D:5 !?

Annotations:
D:11 Fannar
Lair:6 exclusion: oklob plant
Slime:5 Royal Jelly


Innate Abilities, Weirdness & Mutations

You have an unnaturally thin skeletal structure. (Dex +6, Stealth+++)
You regenerate health from kills.
You are mostly covered in sharp spines.
You have a sharp stinger which inflicts weakening toxins.
You possess an exceptional clarity of mind.
Your flesh is cold resistant. (rC+)
You are strong-willed. (Will+)
Your system is resistant to poisons. (rPois)
You are robust. (+10% HP)
Your muscles are strong. (Str +4, Int/Dex -1)
Your body is covered in eyes which may confuse attackers. (Acc +7, SInv)
Armour fits poorly on your large pseudopods.
You are covered in slimy tendrils that may disarm your opponents.


Message History

The water elemental hits you.
The merfolk hits you but does no damage.
Your unstable footing causes you to fumble your attack.
Unknown command.
Your unstable footing causes you to fumble your attack.
The sea snake is no longer moving slowly.
The water elemental hits you! The water elemental barely misses you.
The merfolk barely misses you. The sea snake is struck by your spines.
The sea snake bites you but does no damage.
Unknown command.
Your unstable footing causes you to fumble your attack.
The sea snake is struck by your spines. The sea snake barely misses you.
The merfolk hits you but does no damage.
The merfolk hits you from afar with a +0 trident.
The water elemental is struck by your spines.
The water elemental closely misses you. The water elemental hits you!
Unknown command.
Unknown command.
You puncture the sea snake!
The sea snake seems to slow down.
You freeze the sea snake. You bludgeon the sea snake.
The sea snake is severely wounded.
Unknown command.
You puncture the sea snake! You freeze the sea snake.
Your tail-slap misses the sea snake.
You bludgeon the sea snake.
You kill the sea snake!
The water elemental hits you.
The merfolk throws a boomerang of dispersal.
The boomerang of dispersal hits you!
You blink.
Splash!
The merfolk aquamancer mumbles some strange words.
The merfolk aquamancer blinks!
Unknown command.
The merfolk throws a silver boomerang.
The silver boomerang hits you!!
* * * LOW HITPOINT WARNING * * *
The silver sears you!
* * * LOW HITPOINT WARNING * * *
The merfolk throws a silver boomerang.
The silver boomerang hits you!
* * * LOW HITPOINT WARNING * * *
The silver sears you!
You die...

≈≈≈ ≈≈≈ ≈≈≈..≈. ≈≈≈
≈....≈.. #### ≈≈≈
.≈.≈≈≈≈.###..##
≈≈≈.≈≈≈≈≈≈≈...>...###
≈≈≈≈≈≈≈≈≈≈≈##..≈≈≈..####
≈≈≈≈≈≈≈≈≈≈≈...≈≈≈≈≈≈≈..#
≈≈≈≈≈≈≈≈≈≈≈mE≈≈≈≈≈≈≈≈≈≈.
≈≈≈≈≈.≈≈≈≈m≈m≈≈≈@≈≈≈≈≈≈≈
J≈≈≈≈≈≈...≈≈≈EE≈≈≈≈≈≈≈≈≈
≈≈≈≈≈≈≈...≈§≈≈≈≈≈≈≈≈≈≈≈≈
≈≈≈≈...###≈≈≈≈≈≈≈≈≈≈≈≈≈≈
≈≈≈....##...≈≈≈≈≈≈≈≈≈≈≈≈
≈≈≈.........≈≈≈≈≈≈≈≈≈≈≈≈
≈≈..........≈≈≈≈≈≈≈≈≈≈≈≈
........≈..≈≈≈≈≈≈≈≈≈≈≈≈≈
...####..≈.≈≈≈≈≈≈≈≈≈≈≈≈≈


You could see a merfolk aquamancer, 2 merfolk and 3 water elementals.

Vanquished Creatures
  4 hydras
  An alligator snapping turtle (Shoals:1)
  7 death yaks
  Sonja (D:11)
  A fire crab (Lair:5)
  Pikel (D:9)
  2 sea snakes (Shoals:1)
  A wolf spider (Lair:6)
  A cyclops (D:10)
  3 fauns (Shoals:1)
  A manticore (Shoals:1)
  A spectral centaur (D:10)
  2 centaur zombies (D:10)
  13 black mambas
  2 torpor snails
  7 elephants
  Maurice (D:10)
  A guardian serpent (Lair:6)
  11 cane toads
  A water nymph (Shoals:1)
  A centaur skeleton (D:10)
  Maggie (D:8)
  8 komodo dragons
  2 rime drakes
  An unseen horror skeleton (D:10)
  A troll (D:10)
  3 polar bears
  3 hornets
  3 blink frogs (Lair:6)
  Grinder (D:4)
  Sigmund (D:3)
  A shadow (D:11)
  2 vampires (D:11)
  12 wyverns
  35 yaks
  A wraith (D:10)
  3 steam dragons
  3 redbacks (Lair:6)
  7 vampire mosquitoes (D:11)
  2 basilisks
  23 water moccasins
  2 orc warriors
  8 black bears
  A sky beast (D:7)
  An ogre (D:4)
  4 wolves (Lair:6)
  6 centaurs
  2 lemures (D:9)
  A kobold brigand (D:9)
  8 bullfrogs
  5 scorpions
  2 gnoll sergeants
  13 wights
  16 killer bees
  A vampire bat (Lair:4)
  4 howler monkeys
  2 hounds
  2 orc priests
  Crazy Yiuf (D:6)
  2 orc wizards
  4 iguanas
  Ijyb (D:5)
  10 gnolls
  3 adders
  A shadow imp (D:7)
  A white imp (D:7)
  3 worms
  A dart slug (D:1)
  15 orcs
  2 endoplasms (D:1)
  8 giant cockroaches
  5 goblins
  4 hobgoblins
  8 jackals (D:1)
  5 quokkas
  8 ball pythons
  10 bats
  6 frilled lizards
  9 kobolds
  4 rats
365 creatures vanquished.

Vanquished Creatures (collateral kills)
  A lindwurm (Lair:6)
  A black mamba (Lair:6)
  A steam dragon (D:7)
  An ogre (D:6)
4 creatures vanquished.

Vanquished Creatures (others)
  A death yak (Lair:3)
  The ghost of FlatIsJustice the Magician, a novice DEIE (D:9)
  A torpor snail (Lair:3)
  A rime drake (Lair:5)
  A komodo dragon (Lair:3)
  Eustachio (D:5)
  2 water moccasins (Lair:6)
  2 centaurs
  A lemure (D:9)
  2 bullfrogs
  A wight (D:9)
  57 jellies
  An orc priest (D:6)
  Terence (D:3)
  An iguana (D:6)
  3 gnolls (D:9)
  2 adders (D:5)
  5 orcs
  A ball python (D:3)
  3 endoplasms
  A giant cockroach (D:4)
  A hobgoblin (D:4)
  A quokka (D:3)
  2 kobolds
  A rat (D:3)
  77 fungi
  144 plants
315 creatures vanquished.

Grand Total: 684 creatures vanquished

Notes
Turn   | Place    | Note
-------+----------+-------------------------------------------
     0 | D:1      | DeathSun the Demonspawn Fighter began the quest for the
                  | Orb.
     0 | D:1      | Reached XP level 1. HP: 18/18 MP: 1/1
    97 | D:1      | Gained mutation: You are partially covered in sharp spines.
                  | [demonic ancestry]
    97 | D:1      | Reached XP level 2. HP: 20/24 MP: 2/2
   407 | D:1      | Found a faded altar of an unknown god.
   413 | D:1      | Prayed at the altar of an unknown god.
   413 | D:1      | Became a worshipper of Jiyva Jivviteu the Shapeless
   413 | D:1      | Reached * piety under Jiyva
   499 | D:1      | Gained mutation: You regenerate a little health from kills.
                  | [demonic ancestry]
   499 | D:1      | Reached XP level 3. HP: 29/29 MP: 3/3
  1005 | D:2      | Reached ** piety under Jiyva
  1029 | D:2      | Gained mutation: You have a somewhat thin skeletal
                  | structure. (Dex +2, Stealth+) [demonic ancestry]
  1029 | D:2      | Reached XP level 4. HP: 35/35 MP: 4/4
  1343 | D:2      | You fall into a shaft and drop 1 floor!
  1348 | D:3      | Noticed Sigmund
  1749 | D:3      | Noticed Terence
  1759 | D:3      | Killed Terence
  1774 | D:4      | Reached *** piety under Jiyva
  1774 | D:4      | Gained mutation: You have large cloven feet. [Jiyva's
                  | grace]
  1774 | D:4      | Gained mutation: You have hoof-like feet. [Jiyva's grace]
  1774 | D:4      | Gained mutation: You have hooves in place of feet. [Jiyva's
                  | grace]
  1774 | D:4      | Gained mutation: You have a small jelly attached to you
                  | that may absorb projectiles. [Jiyva's grace]
  1830 | D:4      | Noticed Grinder
  1834 | D:4      | Paralysed by Grinder for 4 turns
  1844 | D:4      | Killed Grinder
  1845 | D:4      | Reached skill level 5 in Maces & Flails
  1845 | D:4      | Gained mutation: You regenerate health from kills. [demonic
                  | ancestry]
  1845 | D:4      | Reached XP level 5. HP: 38/41 MP: 5/5
  1877 | D:4      | Found Juqikhad's Elemental Accessories.
  1902 | D:4      | Gained mutation: You have a small tail. [demonic ancestry]
  1902 | D:4      | Reached XP level 6. HP: 45/47 MP: 6/6
  2521 | D:4      | Found a sparkling altar of Nemelex Xobeh.
  2521 | D:4      | Reached **** piety under Jiyva
  2666 | D:4      | Found a shimmering blue altar of Sif Muna.
  2747 | D:5      | Entered Level 5 of the Dungeon
  2748 | D:5      | Noticed Ijyb
  2751 | D:5      | Killed Ijyb
  2752 | D:5      | Reached XP level 7. HP: 52/52 MP: 7/7
  2798 | D:5      | Noticed Eustachio
  2929 | D:5      | Found Witiab's Magic Scroll Boutique.
  2948 | D:5      | Bought a scroll of fear for 52 gold pieces
  3100 | D:5      | Found Obra's Distillery.
  3306 | D:6      | Reached ***** piety under Jiyva
  3345 | D:6      | Identified the ring of the Pariah {rCorr Int-2 Dex+3 SInv}
  3591 | D:6      | Lost mutation: You have hooves in place of feet. [Jiyva's
                  | grace]
  3591 | D:6      | Gained mutation: You have an increased reservoir of magic.
                  | (+10% MP) [Jiyva's grace]
  3591 | D:6      | Gained mutation: You have a considerably increased
                  | reservoir of magic. (+20% MP) [Jiyva's grace]
  3591 | D:6      | Gained mutation: You have a greatly increased reservoir of
                  | magic. (+30% MP) [Jiyva's grace]
  3591 | D:6      | Gained mutation: Your system is resistant to poisons.
                  | (rPois) [Jiyva's grace]
  3761 | D:6      | Found a runed translucent door.
  3762 | D:6      | Noticed Crazy Yiuf
  3767 | D:6      | Killed Crazy Yiuf
  3826 | D:7      | Found a staircase to the Ecumenical Temple.
  3837 | Temple   | Entered the Ecumenical Temple
  4145 | D:7      | Noticed a steam dragon
  4152 | D:7      | Killed a steam dragon
  4153 | D:7      | Gained mutation: You have a tail ending in a sharp stinger.
                  | [demonic ancestry]
  4153 | D:7      | Reached XP level 8. HP: 58/58 MP: 10/10
  4373 | D:5      | Killed Eustachio
  4899 | D:3      | Found a hide-covered altar of Uskayaw.
  5154 | D:3      | Killed Sigmund
  5431 | D:7      | Reached skill level 10 in Maces & Flails
  6080 | D:8      | Reached XP level 9. HP: 60/63 MP: 11/11
  6267 | D:8      | Noticed Maggie
  6282 | D:8      | Killed Maggie
  6283 | D:8      | Reached skill level 1 in Evocations
  6807 | D:9      | Reached ****** piety under Jiyva
  6811 | D:9      | Paralysed by a hornet for 2 turns
  6826 | D:9      | Killed FlatIsJustice's ghost
  6871 | D:9      | Noticed Pikel
  6891 | D:9      | Killed Pikel
  6979 | D:9      | Found a runed translucent gate.
  6982 | D:9      | Found a runed translucent gate.
  6989 | D:9      | Found a runed translucent gate.
  7017 | D:9      | Lost mutation: You have hoof-like feet. [Jiyva's grace]
  7017 | D:9      | Lost mutation: You have a greatly increased reservoir of
                  | magic. (+30% MP) [Jiyva's grace]
  7017 | D:9      | Gained mutation: You are robust. (+10% HP) [Jiyva's grace]
  7017 | D:9      | Gained mutation: You are very robust. (+20% HP) [Jiyva's
                  | grace]
  7017 | D:9      | Gained mutation: You are extremely robust. (+30% HP)
                  | [Jiyva's grace]
  7017 | D:9      | Gained mutation: You have acidic saliva. [Jiyva's grace]
  7125 | D:9      | Noticed a two-headed ogre
  7572 | D:10     | Entered Level 10 of the Dungeon
  7603 | D:11     | Reached XP level 10. HP: 91/91 MP: 12/12
  7693 | D:11     | Noticed Fannar
  7766 | D:11     | Found a staircase to the Lair.
  7771 | D:11     | Noticed an elephant
  7803 | D:11     | Slimified an elephant
  7803 | D:11     | Noticed an acid blob
  7803 | D:11     | an elephant changed into an acid blob
  7826 | D:11     | Reached skill level 5 in Evocations
  7993 | D:11     | Identified the +0 robe of the Falcon {rPois rF+}
  8002 | D:11     | Noticed Sonja
  8020 | D:11     | Killed Sonja
  8053 | D:11     | Noticed a cyclops
  8144 | D:10     | Noticed Maurice
  8162 | D:10     | Killed Maurice
  8201 | D:10     | Noticed a cyclops
  8215 | D:10     | Killed a cyclops
  8216 | D:10     | Gained mutation: You have a sharp stinger which inflicts
                  | weakening toxins. [demonic ancestry]
  8216 | D:10     | Reached XP level 11. HP: 97/101 MP: 13/13
  8423 | D:10     | Identified the +5 scale mail "Nabeimna" {Drain rN+ rCorr}
  8434 | D:10     | Reached skill level 5 in Fighting
  8830 | Lair:1   | Entered Level 1 of the Lair of Beasts
  8830 | Lair:1   | Noticed a six-headed hydra
  8830 | Lair:1   | Lost mutation: You have a considerably increased reservoir
                  | of magic. (+20% MP) [Jiyva's grace]
  8830 | Lair:1   | Lost mutation: You have an increased reservoir of magic.
                  | (+10% MP) [Jiyva's grace]
  8830 | Lair:1   | Gained mutation: You are strong-willed. (Will+) [Jiyva's
                  | grace]
  8830 | Lair:1   | Gained mutation: You are highly strong-willed. (Will++)
                  | [Jiyva's grace]
  8830 | Lair:1   | Gained mutation: You are extremely strong-willed. (Will+++)
                  | [Jiyva's grace]
  8830 | Lair:1   | Gained mutation: Your muscles are strong. (Str +4, Int/Dex
                  | -1) [Jiyva's grace]
  8838 | Lair:1   | Slimified a six-headed hydra
  8838 | Lair:1   | Noticed an azure jelly
  8838 | Lair:1   | a six-headed hydra changed into an azure jelly
  8983 | Lair:1   | You fall into a shaft and drop 1 floor!
  9024 | Lair:2   | Noticed a five-headed hydra
  9028 | Lair:2   | Slimified a five-headed hydra
  9028 | Lair:2   | a five-headed hydra changed into a slime creature
  9366 | Lair:2   | Reached skill level 10 in Fighting
  9403 | Lair:2   | Found a hole to the Spider Nest.
  9858 | Lair:1   | Gained mutation: You have a moderately thin skeletal
                  | structure. (Dex +4, Stealth++) [demonic ancestry]
  9858 | Lair:1   | Reached XP level 12. HP: 128/128 MP: 12/12
 10131 | Lair:1   | Lost mutation: You are extremely strong-willed. (Will+++)
                  | [Jiyva's grace]
 10131 | Lair:1   | Lost mutation: You are highly strong-willed. (Will++)
                  | [Jiyva's grace]
 10131 | Lair:1   | Lost mutation: You have a small jelly attached to you that
                  | may absorb projectiles. [Jiyva's grace]
 10131 | Lair:1   | Gained mutation: Your body has grown eyes which may confuse
                  | attackers. (Acc +3) [Jiyva's grace]
 10131 | Lair:1   | Gained mutation: Your body has grown many eyes which may
                  | confuse attackers. (Acc +5) [Jiyva's grace]
 10131 | Lair:1   | Gained mutation: Your body is covered in eyes which may
                  | confuse attackers. (Acc +7, SInv) [Jiyva's grace]
 10131 | Lair:1   | Gained mutation: Your flesh is cold resistant. (rC+)
                  | [Jiyva's grace]
 10376 | Lair:3   | Found a staircase to the Shoals.
 10395 | Spider:1 | Entered Level 1 of the Spider Nest
 10463 | Lair:3   | Noticed an eight-headed hydra
 10470 | Lair:3   | Slimified an eight-headed hydra
 10470 | Lair:3   | Noticed an acid blob
 10470 | Lair:3   | an eight-headed hydra changed into an acid blob
 10507 | Lair:3   | Noticed a death yak
 10515 | Lair:3   | Noticed a death yak
 10516 | Lair:3   | Slimified a death yak
 10516 | Lair:3   | Noticed an azure jelly
 10516 | Lair:3   | a death yak changed into an azure jelly
 10519 | Lair:3   | Killed a death yak
 10808 | Lair:3   | Identified the ring "Ruqonn" {MP+9 Str+3 Int+4 SInv}
 11125 | Lair:4   | Noticed a four-headed hydra
 11129 | Lair:4   | Killed a four-headed hydra
 11411 | Lair:4   | Noticed a death yak
 11412 | Lair:4   | Noticed a death yak
 11414 | Lair:4   | Noticed a death yak
 11414 | Lair:4   | Noticed a death yak
 11414 | Lair:4   | Noticed a death yak
 11889 | Lair:5   | Found a staircase to the Slime Pits.
 11896 | Lair:5   | Lost mutation: You are extremely robust. (+30% HP) [Jiyva's
                  | grace]
 11896 | Lair:5   | Lost mutation: You are very robust. (+20% HP) [Jiyva's
                  | grace]
 11896 | Lair:5   | Gained mutation: You possess an exceptional clarity of
                  | mind. [Jiyva's grace]
 11896 | Lair:5   | Gained mutation: You have a small jelly attached to you
                  | that may absorb projectiles. [Jiyva's grace]
 11896 | Lair:5   | Lost mutation: You have large cloven feet. [Jiyva's grace]
 11896 | Lair:5   | Gained mutation: You have sharp toenails. [Jiyva's grace]
 11896 | Lair:5   | Gained mutation: You have razor-sharp toenails. [Jiyva's
                  | grace]
 12548 | Lair:6   | Entered Level 6 of the Lair of Beasts
 12555 | Lair:6   | Reached skill level 5 in Armour
 12774 | Lair:6   | Gained mutation: You have an unnaturally thin skeletal
                  | structure. (Dex +6, Stealth+++) [demonic ancestry]
 12774 | Lair:6   | Reached XP level 13. HP: 122/122 MP: 13/13
 13167 | Lair:6   | Lost mutation: You have razor-sharp toenails. [Jiyva's
                  | grace]
 13167 | Lair:6   | Lost mutation: You have sharp toenails. [Jiyva's grace]
 13167 | Lair:6   | Lost mutation: You have acidic saliva. [Jiyva's grace]
 13167 | Lair:6   | Lost mutation: Your body is covered in eyes which may
                  | confuse attackers. (Acc +7, SInv) [Jiyva's grace]
 13167 | Lair:6   | Lost mutation: You have a small jelly attached to you that
                  | may absorb projectiles. [Jiyva's grace]
 13167 | Lair:6   | Gained mutation: You are covered in slimy tendrils that may
                  | disarm your opponents. [Jiyva's grace]
 13167 | Lair:6   | Gained mutation: Your body is covered in eyes which may
                  | confuse attackers. (Acc +7, SInv) [Jiyva's grace]
 13167 | Lair:6   | Gained mutation: Armour fits poorly on your pseudopods.
                  | [Jiyva's grace]
 13167 | Lair:6   | Gained mutation: Armour fits poorly on your large
                  | pseudopods. [Jiyva's grace]
 14014 | Slime:1  | Entered Level 1 of the Pits of Slime
 14014 | Slime:1  | Noticed an acid blob
 14017 | Slime:1  | Noticed a quicksilver ooze
 14062 | Slime:1  | Noticed an azure jelly
 14067 | Slime:1  | Noticed a rockslime
 14192 | Slime:2  | Noticed an acid blob
 14197 | Slime:3  | Noticed an azure jelly
 14207 | Slime:3  | Noticed an acid blob
 14215 | Slime:4  | Noticed a quicksilver ooze
 14222 | Slime:4  | Noticed an acid blob
 14223 | Slime:4  | Noticed an acid blob
 14231 | Slime:4  | Noticed an acid blob
 14238 | Slime:5  | Entered Level 5 of the Pits of Slime
 14258 | Slime:5  | Noticed an azure jelly
 14263 | Slime:5  | Noticed an acid blob
 14268 | Slime:5  | Noticed an acid blob
 14295 | Slime:5  | Noticed an acid blob
 14303 | Slime:5  | Noticed an acid blob
 14303 | Slime:5  | Noticed an acid blob
 14316 | Slime:5  | Noticed an acid blob
 14319 | Slime:5  | Noticed a quicksilver ooze
 14321 | Slime:5  | Found a viscous altar of Jiyva.
 14321 | Slime:5  | Noticed an azure jelly
 14325 | Slime:5  | Noticed an acid blob
 14326 | Slime:5  | Identified the +8 morningstar "Fisetuz" {venom, rPois
                  | Dex+5}
 14330 | Slime:5  | Identified the +2 dire flail "Qiczont" {freeze, rPois rC+
                  | MP+9}
 14335 | Slime:5  | Noticed an acid blob
 14341 | Slime:5  | Got the Volume of Malediction and Necromancy
 14341 | Slime:5  | Noticed the Royal Jelly
 14351 | Slime:5  | Got a slimy rune of Zot
 14352 | Slime:5  | Identified the +8 whip "Qeteicw" {vamp, *Rage rElec MP+9
                  | Dex+8 Stlth+}
 14359 | Slime:5  | Identified the ring of Neam {Wiz rPois rN+ Dex-2 Slay+2
                  | SInv}
 14360 | Slime:5  | Noticed a quicksilver ooze
 14367 | Slime:5  | Noticed an acid blob
 14376 | Slime:5  | Noticed an acid blob
 14379 | Slime:5  | Noticed an acid blob
 14490 | Slime:5  | Noticed an acid blob
 14553 | Slime:4  | Noticed a quicksilver ooze
 14559 | Slime:4  | Noticed an azure jelly
 14672 | Slime:3  | Noticed an acid blob
 14709 | Slime:3  | Noticed a quicksilver ooze
 15171 | Lair:4   | Found a basalt altar of Yredelemnul.
 15221 | Lair:4   | Reached skill level 10 in Armour
 15432 | Shoals:1 | Entered Level 1 of the Shoals
 15607 | Shoals:1 | Gained mutation: You are mostly covered in sharp spines.
                  | [demonic ancestry]
 15607 | Shoals:1 | Reached XP level 14. HP: 96/133 MP: 14/14
 15662 | Shoals:1 | HP: 2/133 [merfolk/silver boomerang[a merfolk aquamancer]
                  | (16)]
 15662 | Shoals:1 | Hit by a silver boomerang thrown by a merfolk

Illustrated notes

Levels and vault maps discovered:
D:1:      dpeg_arrival_pits, layout_basic, ebering_ecumenical_altar_hall
D:2:      layout_basic, nicolae_figureground_pulse
D:3:      layout_basic, mainiacjoe_overflow_24_doors, uniq_terence, uniq_sigmund
D:4:      layout_loops_corners, kennysheep_little_box, led_sif_pool,
          nicolae_elemental_shop, uniq_grinder
D:5:      layout_basic, serial_rivers, chequers_serial_rivers_micro_b,
          chequers_serial_rivers_small_b, chequers_serial_rivers_small_b,
          chequers_serial_rivers_room_a, chequers_serial_rivers_micro_d,
          serial_shops, shop, shop, lemuel_another_geyser, uniq_eustachio,
          uniq_ijyb
D:6:      layout_rooms, uniq_crazy_yiuf_cottage
D:7:      layout_basic, minmay_temple_entry_proselytizer
D:8:      layout_loops_ring, uniq_maggie
D:9:      layout_roguey, ebering_ghost_rock_garden, kennysheep_potato,
          uniq_pikel
D:10:     layout_gridville, hangedman_weighted_door, corexii_leaking_fountain,
          uniq_maurice
D:11:     layout_small_grid, david_lair_generic, minmay_liquid_box, uniq_sonja,
          uniq_snorg, uniq_fannar
Temple:   compressed_dpeg_triangle_lava_temple
Lair:1:   layout_chaotic_city
Lair:2:   layout_gridlike, nicolae_spider_entry_non_spiders, grunt_megastairs_3
Lair:3:   layout_misc_corridors, minmay_shoals_entry_centaurs
Lair:4:   layout_cave_shapes, basic_altar, roderic_batcave, st_stairs_6,
          beast_lair_carwin_7, infiniplex_staircase_pool_2
Lair:5:   layout_cave_pods, slime_entry_1
Lair:6:   hangedman_lair_tendril_chambers, layout_cave_shapes
Shoals:1: layout_shoals, uniq_josephine
Spider:1: layout_spider_delve, worms_lemuel
Slime:1:  layout_caves
Slime:2:  layout_caves
Slime:3:  layout_caves
Slime:4:  layout_caves
Slime:5

Skill      XL: |  1  2  3  4  5  6  7  8  9 10 11 12 13 |
---------------+----------------------------------------+-----
Maces & Flails | 2 3 5 7 8 10 12 14 | 14.0
Evocations     | 4 6 7 8 9 |  9.0
Fighting       | 4 10 13 14 | 14.6
Armour         | 5 10 | 10.0
Shields        | |  2.6

Action                   |  1- 3 |  4- 6 |  7- 9 | 10-12 | 13-15 || total
-------------------------+-------+-------+-------+-------+-------++-------
Melee: Flail             |    88 |    59 |       |       |       ||   147
       Kick              |       |    14 |    78 |   204 |    70 ||   366
       Morningstar       |       |     8 |       |       |       ||     8
       Tailslap          |       |     5 |    36 |    72 |    59 ||   172
       Dire flail        |       |       |   220 |   533 |   302 ||  1055
       Bite              |       |       |     2 |    75 |    27 ||   104
       Pseudopods        |       |       |       |       |    45 ||    45
Throw: Dart              |       |       |     2 |     3 |       ||     5
Invok: Slimify           |       |       |     1 |     5 |       ||     6
Evoke: Wand              |       |       |       |     2 |       ||     2
  Use: Scroll            |       |     5 |     1 |     1 |    10 ||    17
 Stab: Confused          |       |       |       |    12 |    14 ||    26
Armor: Scale mail        |    36 |     2 |       |       |       ||    38
       Chain mail        |       |    18 |   125 |   395 |   132 ||   670
Dodge: Dodged            |    38 |    16 |    71 |   216 |    95 ||   436
Block: Buckler           |    18 |    11 |       |       |       ||    29

Table legend: (Time is in decaauts)
 A = Elapsed time spent in this place.
 B = Non-inter-level travel time spent in this place.
 C = Inter-level travel time spent in this place.
 D = Time resting spent in this place.
 E = Time spent auto-exploring this place.
 F = Levels seen in this place.
 G = Mean time per level.
                   A        B        C        D        E       F      G
               +--------+--------+--------+--------+--------+-----+--------+
         Total |  15387 |  14463 |    924 |    675 |  10443 |  25 |  615.5 |
       Dungeon |   8488 |   7875 |    613 |    212 |   5650 |  11 |  771.6 |
        Temple |    293 |    282 |     11 |      0 |    268 |   1 |  293.0 |
          Lair |   5372 |   5084 |    288 |    418 |   3588 |   6 |  895.3 |
        Shoals |    226 |    226 |      0 |     45 |     57 |   1 |  226.0 |
   Spider Nest |      4 |      4 |      0 |      0 |      0 |   1 |    4.0 |
    Slime Pits |   1001 |    989 |     12 |      0 |    879 |   5 |  200.2 |
               +--------+--------+--------+--------+--------+-----+--------+

Top non-repeatable levels by time:
  Lair:6: 1333 daAuts
     D:4: 1194 daAuts
  Lair:5: 1100 daAuts
     D:5: 972 daAuts
     D:7: 913 daAuts
  Lair:2: 855 daAuts
     D:2: 842 daAuts
     D:1: 839 daAuts
  Lair:4: 807 daAuts
     D:8: 748 daAuts
     D:9: 695 daAuts
    D:10: 675 daAuts
  Lair:1: 655 daAuts
  Lair:3: 621 daAuts
     D:6: 551 daAuts
